 Dungeon Crawl Stone Soup version 0.30-a0-6-g7c9e10e132 (webtiles) character file.

Game seed: 6080470277592640305

51 Setbun the Cudgeller (level 3, -8/31 HPs)
             Began as a Minotaur Fighter on Aug 22, 2022.
             Was an Initiate of Okawaru.
             Engulfed by a cloud of flame (16 damage)
             ... on level 2 of the Dungeon.
             The game lasted 00:01:49 (1149 turns).

Setbun the Cudgeller (Minotaur Fighter)             Turns: 1149, Time: 00:01:50

Health: -8/31      AC:  6    Str: 22    XL:     3   Next: 57%
Magic:  2/2        EV:  9    Int:  5    God:    Okawaru [......]
Gold:   94         SH:  4    Dex:  9    Spells: 2/2 levels left

rFire   . . .      SeeInvis .    a - +0 flail
rCold   . . .      Faith    .    c - +0 buckler
rNeg    . . .      Spirit   .    b - +0 scale mail
rPois   .          Reflect  .    (helmet restricted)
rElec   .          Harm     .    (no cloak)
rCorr   .          Rampage  .    (no gloves)
Will    .....                    (no boots)
Stlth   ..........               (no amulet)
HPRegen 0.10/turn                (no ring)
MPRegen 0.08/turn                (no ring)

@: no status effects
A: horns 2, retaliatory headbutt
a: Renounce Religion


You were on level 2 of the Dungeon.
You worshipped Okawaru.
Okawaru was noncommittal.
You visited 1 branch of the dungeon, and saw 2 of its levels.

You collected 94 gold pieces.

Inventory:

Hand Weapons
 a - a +0 flail (weapon)
Armour
 b - a +0 scale mail (worn)
 c - a +0 buckler (worn)
Scrolls
 e - 2 scrolls of enchant armour {unknown}
 f - a scroll of amnesia {unknown}
 g - 2 scrolls of butterflies {unknown}
 h - a scroll of teleportation {unknown}
Potions
 d - a potion of might


   Skills:
 - Level 3.6 Fighting
 * Level 4.9 Maces & Flails
 - Level 3.6 Armour
 - Level 3.6 Shields


You had 2 spell levels left.
You didn't know any spells.
Your spell library was empty.

Dungeon Overview and Level Annotations

Branches:
Dungeon (2/15)

Altars:
Okawaru

Shops:
D:1 [[[


Innate Abilities, Weirdness & Mutations

You have a pair of horns on your head.
You reflexively headbutt those who attack you in melee.


Message History

The rat completely misses you.
You hit the rat.
You kill the rat!
Okawaru accepts your kill.
No target in view!
No target in view!
No target in view!
No target in view!
No target in view!
Found a trident.
Found a ring mail.
No target in view!
No target in view!
You're in a travel-excluded area, stopping explore.
You're in a travel-excluded area, stopping explore.
You're in a travel-excluded area, stopping explore.
Really walk into a travel-excluded area? [Y]es or [N]o only, please.
Really walk into a travel-excluded area?
Okay, then.
Really walk into a travel-excluded area? [Y]es or [N]o only, please.
Really walk into a travel-excluded area?
Okay, then.
Really walk into a travel-excluded area?
Uppercase [Y]es or [N]o only, please.
Really walk into a travel-excluded area?
Really walk into that cloud of flame?
You are engulfed in blazing flames.
You start resting.
HP restored.
Really walk into a travel-excluded area?
Okay, then.
Really walk into a travel-excluded area?
You are engulfed in blazing flames.
Ouch! That really hurt!
* * * LOW HITPOINT WARNING * * *
You are engulfed in blazing flames.
Ouch! That really hurt!
You die...

................#.##.....##
#######.######..#.##.#.#...
#...# #...######.#### #.###
#.☼.# #....). #.# #§°§#
#...... #.# #§§§# ##.....
##.#######...## #...##
#.....○○§.$=..§ ##..#
#..#..§@§.).!.. #..#
#..##.§°§./.[.. #..#
#..#######...## #..# #..#
§§# ###..# #..# §# #....#
.... # ###### ##.#. #. # ..


There were no monsters in sight!

Vanquished Creatures
  An adder (D:2)
  2 dart slugs (D:1)
  4 endoplasms
  A giant cockroach (D:1)
  5 goblins
  3 hobgoblins
  2 jackals (D:1)
  2 quokkas
  A ball python (D:1)
  4 bats (D:1)
  A frilled lizard (D:2)
  3 kobolds
  4 rats
33 creatures vanquished.

Notes
Turn   | Place    | Note
-------+----------+-------------------------------------------
     0 | D:1      | Setbun the Minotaur Fighter began the quest for the Orb.
     0 | D:1      | Reached XP level 1. HP: 19/19 MP: 0/0
   153 | D:1      | Reached skill level 3 in Maces & Flails
   203 | D:1      | Found Moapsu's Armour Shop.
   232 | D:1      | Found Fitocw's Antique Armour Emporium.
   319 | D:1      | Found a faded altar of an unknown god.
   322 | D:1      | Reached XP level 2. HP: 25/26 MP: 1/1
   454 | D:1      | Reached skill level 4 in Maces & Flails
   591 | D:1      | Reached XP level 3. HP: 29/31 MP: 2/2
   624 | D:1      | Found Ujoy's Antique Armour Shop.
   897 | D:2      | Found an iron altar of Okawaru.
   914 | D:2      | Became a worshipper of Warmaster Okawaru
  1149 | D:2      | Engulfed by a cloud of flame

Illustrated notes

Levels and vault maps discovered:
D:1:      scummos_arrival_forest, layout_basic, serial_shops,
          nicolae_shop_statue_plus, shop, nicolae_shop_behind_doors,
          hellmonk_ecumenical_altar_arch_garden, st_stairs_9
D:2:      layout_loops_ring, basic_altar, lemuel_flame_loot_1

Skill      XL: |  1  2 |
---------------+-------+-----
Maces & Flails | 3 4 |  4.9
Fighting       | |  3.6
Armour         | |  3.6
Shields        | |  3.6

Action                   || total
-------------------------++-------
Melee: Flail             ||    67
       Headbutt          ||     4
Armor: Scale mail        ||    31
Dodge: Dodged            ||    26
Block: Buckler           ||    16

Table legend: (Time is in decaauts)
 A = Elapsed time spent in this place.
 B = Non-inter-level travel time spent in this place.
 C = Inter-level travel time spent in this place.
 D = Time resting spent in this place.
 E = Time spent auto-exploring this place.
 F = Levels seen in this place.
 G = Mean time per level.
                   A        B        C        D        E       F      G
               +--------+--------+--------+--------+--------+-----+--------+
         Total |   1165 |   1157 |      8 |    138 |    818 |   2 |  582.5 |
       Dungeon |   1165 |   1157 |      8 |    138 |    818 |   2 |  582.5 |
               +--------+--------+--------+--------+--------+-----+--------+

Top non-repeatable levels by time:
     D:1: 661 daAuts
     D:2: 504 daAuts
